 Dungeon Crawl Stone Soup version 0.23-a0-622-g59b4ea9c50 (webtiles) character file.

9828 Adamkad1 the Covert (level 11, -11/52 HPs)
             Began as a Spriggan Enchanter on Dec 24, 2018.
             Was a Follower of Uskayaw.
             Mangled by a wolf (12 damage)
             ... in a Gauntlet.
             The game lasted 00:45:30 (16271 turns).

Adamkad1 the Covert (Spriggan Enchanter)           Turns: 16271, Time: 00:45:30

Health: -11/52     AC:  2    Str:  4    XL:     11   Next: 28%
Magic:  21/22      EV: 27    Int: 18    God:    Uskayaw [*.....]
Gold:   706        SH:  0    Dex: 19    Spells: 6/23 levels left

rFire    . . .     SeeInvis +   a - +1 dagger
rCold    . . .     Gourm    .   (shield restricted)
rNeg     + . .     Faith    .   b - +0 robe
rPois    .         Spirit   .   (helmet restricted)
rElec    .         Reflect  .   (no cloak)
rCorr    .         Harm     .   (gloves unavailable)
MR       ++...     NoTele   +   (boots unavailable)
Stlth    +++++.....             (no amulet)
HPRegen  0.17/turn              s - ring of positive energy
MPRegen  0.18/turn              o - ring of protection from magic

@: confusing touch, very quick
A: very small, unfitting armour, see invisible, herbivore, speed 3, slow
metabolism 2
a: Stomp, Renounce Religion


You were in a Gauntlet.
You worshipped Uskayaw.
Uskayaw was noncommittal.
You were hungry.

You visited 2 branches of the dungeon, and saw 12 of its levels.
You also visited: Gauntlet.

You collected 862 gold pieces.
You spent 156 gold pieces at shops.

Inventory:

Hand Weapons
 a - a +1 dagger (weapon)
 m - a +0 dagger of freezing
Armour
 b - a +0 robe (worn)
Jewellery
 c - an uncursed ring of flight {unknown}
 e - an uncursed ring of flight {unknown}
 n - an uncursed ring of magical power
 o - a ring of protection from magic (right hand)
 q - a +4 ring of slaying {unknown}
 s - a ring of positive energy (left hand)
 v - a cursed ring of ice
Wands
 l - a wand of polymorph (7)
 w - a wand of scattershot (6)
 D - a wand of acid (10)
 F - a wand of iceblast (7)
Scrolls
 g - 5 scrolls of remove curse
 h - 3 scrolls of fear
 k - 4 scrolls of amnesia
 p - a scroll of fog
 u - a scroll of summoning {unknown}
 x - a scroll of brand weapon {unknown}
 y - a scroll of acquirement {unknown}
 z - 3 scrolls of teleportation
 A - a scroll of noise {unknown}
 B - 7 scrolls of identify
 C - 3 scrolls of blinking
 E - a scroll of enchant weapon {unknown}
 G - a scroll of enchant armour {unknown}
Potions
 f - 2 potions of ambrosia {unknown}
 j - 2 potions of heal wounds
 r - a potion of berserk rage
 t - 6 potions of curing
Comestibles
 d - 19 rations


   Skills:
 + Level 3.4 Fighting
 + Level 5.1 Short Blades
 * Level 10.1 Dodging
 * Level 11.4 Stealth
 + Level 6.8 Spellcasting
 + Level 3.0 Conjurations
 * Level 9.0 Hexes
 + Level 5.2 Transmutations
 + Level 3.6 Ice Magic
 + Level 3.3 Earth Magic
 * Level 5.7 Invocations


You had 6 spell levels left.
You knew the following spells:

 Your Spells              Type           Power        Failure   Level  Hunger
a - Corona                Hex            #####..      1%          1    None
b - Ensorcelled Hibernat  Hex/Ice        ####..       1%          2    None
c - Confuse               Hex            #####...     1%          3    ##.....
d - Dazzling Spray        Conj/Hex       ####..       2%          3    ##.....
e - Tukima's Dance        Hex            #####...     1%          3    ##.....
f - Confusing Touch       Hex            #####.       1%          1    None
g - Petrify               Tmut/Erth      ###.....     19%         4    ####...

Your spell library contained the following spells:

 Spells                   Type           Power        Failure   Level  Hunger
 Freeze                   Ice            ###.         2%          1    None
 Throw Frost              Conj/Ice       ###...       4%          2    None
 Ozocubu's Armour         Chrm/Ice       ##......     16%         3    ##.....
 Yara's Violent Unravell  Hex/Tmut       ####......   16%         5    #####..
 Metabolic Englaciation   Hex/Ice        ####......   22%         5    #####..
 Throw Icicle             Conj/Ice       ###.....     28%         4    ####...
 Gell's Gravitas          Tloc           #.........   32%         3    ##.....
 Summon Ice Beast         Ice/Summ       ##......     45%         4    ####...


Dungeon Overview and Level Annotations

Branches:
Dungeon (11/15)            Temple (1/1) D:5            Lair (0/6) D:11
    Orc: D:9-12

Altars:
Ashenzari
Cheibriados
Dithmenos
Elyvilon
Fedhas
Gozag
Hepliaklqana
Kikubaaqudgha
Makhleb
Nemelex Xobeh
Okawaru
Qazlal
Ru
Sif Muna
Trog
Uskayaw
Vehumet
Wu Jian
Xom
Yredelemnul
Zin
The Shining One
Beogh

Shops:
D:6 *   D:8 !   D:10 }   D:11 ?*}%

Annotations:
D:6 1 runed door, hemabe's ghost, novice HuAr
D:10 3 runed doors, marsu's ghost, novice DDWr Gauntlet 10 transporters


Innate Abilities, Weirdness & Mutations

You are very small and have problems with some larger weapons.
You are too small for most types of armour.
You have supernaturally acute eyesight. (SInv)
You are a herbivore.
You cover ground extremely quickly.
You need to consume almost no food.


Message History

The small abomination blinks!
The large abomination blinks!
The small abomination blinks!
The wolf bites you.
* * * LOW HITPOINT WARNING * * *
Okay, then.
You feel much better. The wolf completely misses you.
The wolf rages.
The wolf completely misses you. The wolf bites you!
The wolf completely misses you.
The wolf rages.
The wolf bites the plant!
You hit the wolf but do no damage. The wolf bites you!
* * * LOW HITPOINT WARNING * * *
The wolf misses you.
The wolf rages.
The wolf misses you. The wolf completely misses you.
The wolf bites the plant!
Unknown command.
You completely miss the wolf. The wolf bites you!
* * * LOW HITPOINT WARNING * * *
The wolf bites you!
You die...

......................#.©.#.....#
...8.............8....#...#....⌠#
......................#.©.#.....#
##...###########...###########..#
[#...#..:.©.(..#...#..X.≈..^x#..#
.#...#.PP...P..#...#≈≈≈.≈≈^≈≈#..#
.#...#.P#P.P#..#####.§≈≈..≈§x#..#
.#...#.PP....Ph#h..#....≈≈^≈§#..#
z#.∩.#....©..hh#@h©#x≈≈..≈..©#..#
z#...#.......Py#...#≈.≈^≈≈§§§#..#
z#...#..#...#..#####≈^§≈.§≈^≈#..#
z#...#.P.......#...#.≈≈..≈≈≈§#..#
z#...#.........#...#...≈≈§§.§#..#
##...###########...###########..#
..........©.....................#
...∩...........................8#
#################################


You could see a moth of wrath, a large abomination, a small abomination and 5
wolves.

Vanquished Creatures
  Josephine (D:10)
  Harold (D:7)
  A two-headed ogre (D:8)
  A deep troll (D:10)
  An orc sorcerer (D:10)
  2 trolls
  Prince Ribbit (D:6)
  2 yaks (D:11)
  4 wraiths
  Duvessa (D:7)
  2 sky beasts (D:8)
  3 orc warriors
  A black bear (D:8)
  A necrophage (D:8)
  7 ogres
  6 centaurs
  12 bullfrogs
  A water moccasin skeleton (D:7)
  4 scorpions
  Dowan (D:7)
  11 killer bees
  2 howler monkeys (D:11)
  9 wights
  3 crimson imps
  7 hounds
  3 bullfrog skeletons
  5 orc priests
  2 jellies
  8 orc wizards
  Ijyb (D:5)
  Jessica (D:3)
  5 iguanas
  10 worker ants
  A hound zombie (D:9)
  A hound skeleton (D:4)
  4 gnolls (D:6)
  A worker ant zombie (D:7)
  18 adders
  A howler monkey skeleton (D:7)
  A shadow imp (D:6)
  2 oozes
  2 adder zombies
  5 worms (D:2)
  2 dart slugs
  5 leopard geckos
  32 orcs
  9 giant cockroaches
  15 goblins
  5 hobgoblins
  15 jackals
  8 kobolds
  3 quokkas
  2 ball pythons
  7 bats
  5 frilled lizards
  A leopard gecko skeleton (D:5)
  A quokka skeleton (D:8)
  9 rats
275 creatures vanquished.

Vanquished Creatures (collateral kills)
  3 killer bees
3 creatures vanquished.

Vanquished Creatures (others)
  2 fungi (Gauntlet)
  9 plants (Gauntlet)
11 creatures vanquished.

Grand Total: 289 creatures vanquished

Notes
Turn   | Place    | Note
-------+----------+-------------------------------------------
     0 | D:1      | Adamkad1 the Spriggan Enchanter began the quest for the
                  | Orb.
     0 | D:1      | Reached XP level 1. HP: 9/9 MP: 5/5
   311 | D:1      | Reached XP level 2. HP: 13/13 MP: 6/6
   812 | D:1      | Reached skill level 5 in Stealth
  1083 | D:1      | Learned a level 2 spell: Ensorcelled Hibernation
  2239 | D:2      | Reached XP level 3. HP: 17/17 MP: 0/8
  2244 | D:2      | Learned a level 3 spell: Confuse
  2931 | D:2      | Found a sparkling altar of Nemelex Xobeh.
  2946 | D:2      | Reached XP level 4. HP: 21/21 MP: 6/9
  3290 | D:2      | You fall through a shaft!
  3292 | D:3      | Found a stormy altar of Qazlal.
  3324 | D:3      | Noticed Jessica
  3377 | D:2      | Found an ancient bone altar of Kikubaaqudgha.
  3972 | D:3      | Killed Jessica
  3972 | D:3      | Reached XP level 5. HP: 25/25 MP: 9/11
  4103 | D:3      | Learned a level 3 spell: Dazzling Spray
  4605 | D:4      | Reached skill level 1 in Fighting
  4605 | D:4      | Reached skill level 6 in Stealth
  4605 | D:4      | Reached skill level 1 in Ice Magic
  4828 | D:4      | Reached XP level 6. HP: 29/30 MP: 0/13
  5386 | D:4      | Learned a level 3 spell: Tukima's Dance
  5401 | D:5      | Entered Level 5 of the Dungeon
  5439 | D:5      | Reached skill level 5 in Hexes
  5441 | D:5      | Reached skill level 5 in Dodging
  5441 | D:5      | Reached XP level 7. HP: 33/33 MP: 14/14
  5480 | D:5      | Reached skill level 1 in Conjurations
  5745 | D:5      | Reached skill level 7 in Stealth
  5879 | D:5      | Noticed an air elemental
  6227 | D:5      | Found a staircase to the Ecumenical Temple.
  6236 | Temple   | Entered the Ecumenical Temple
  6503 | Temple   | Became a worshipper of Elyvilon the Healer
  6675 | D:5      | Reached skill level 5 in Spellcasting
  6715 | D:5      | Noticed Ijyb
  6725 | D:5      | Killed Ijyb
  6997 | D:5      | Noticed a water elemental
  6999 | D:5      | Found a stormy altar of Qazlal.
  7000 | D:5      | Noticed a fire elemental
  7054 | D:6      | Found Wosisosch's Assorted Antiques.
  7084 | D:6      | Reached skill level 1 in Invocations
  7374 | D:6      | Found a shimmering altar of Xom.
  7412 | D:6      | Reached XP level 8. HP: 39/39 MP: 8/16
  7894 | D:6      | Found a runed door.
  7897 | D:6      | Noticed hemabe's ghost (novice HuAr)
  7952 | D:6      | Noticed Prince Ribbit
  8250 | D:6      | Reached * piety under Elyvilon
  8287 | D:6      | Learned a level 1 spell: Confusing Touch
  8292 | D:6      | Learned a level 4 spell: Petrify
  8313 | D:6      | Found a shimmering altar of Xom.
  8314 | D:6      | Found a sparkling altar of Nemelex Xobeh.
  8315 | D:6      | Found a basalt altar of Yredelemnul.
  8315 | D:6      | Found an ornate altar of the Wu Jian Council.
  8315 | D:6      | Found a sacrificial altar of Ru.
  8316 | D:6      | Found a shattered altar of Ashenzari.
  8395 | D:6      | Killed Prince Ribbit
  8395 | D:6      | Reached skill level 8 in Stealth
  9067 | D:7      | Noticed Duvessa
  9070 | D:7      | Noticed Dowan
  9238 | D:7      | Killed Dowan
  9238 | D:7      | Reached skill level 1 in Transmutations
  9257 | D:7      | Killed Duvessa
  9801 | D:7      | Reached XP level 9. HP: 25/43 MP: 12/18
  9936 | D:7      | Found a deep blue altar of Sif Muna.
 10184 | D:7      | Reached skill level 1 in Earth Magic
 10719 | D:7      | Found a deep blue altar of Sif Muna.
 10719 | D:7      | Noticed Harold
 10739 | D:7      | Reached skill level 9 in Stealth
 11415 | D:7      | Killed Harold
 11569 | D:8      | Found a blossoming altar of Fedhas.
 11643 | D:8      | Reached ** piety under Elyvilon
 12092 | D:8      | Reached XP level 10. HP: 31/48 MP: 11/20
 12207 | D:8      | Noticed a two-headed ogre
 12241 | D:8      | Killed a two-headed ogre
 12241 | D:8      | Reached skill level 10 in Stealth
 12834 | D:8      | Found Qarr's Distillery.
 12842 | D:8      | Bought a potion of degeneration for 13 gold pieces
 12845 | D:8      | Bought a potion of curing for 39 gold pieces
 12845 | D:8      | Bought a potion of curing for 39 gold pieces
 12845 | D:8      | Bought a potion of heal wounds for 65 gold pieces
 13181 | D:8      | Found a snail-covered altar of Cheibriados.
 13184 | D:8      | Found an iron altar of Okawaru.
 13190 | D:8      | Found a hide-covered altar of Uskayaw.
 13194 | D:8      | Fell from the grace of Elyvilon
 13194 | D:8      | Became a worshipper of Uskayaw the Reveler
 13321 | D:9      | Reached * piety under Uskayaw
 13336 | D:9      | Reached ** piety under Uskayaw
 13588 | D:9      | Reached *** piety under Uskayaw
 13804 | D:9      | Reached skill level 5 in Invocations
 14143 | D:10     | Entered Level 10 of the Dungeon
 14143 | D:10     | Noticed Josephine
 14659 | D:10     | Killed Josephine
 14659 | D:10     | Reached skill level 11 in Stealth
 14976 | D:10     | Reached skill level 5 in Short Blades
 15038 | D:10     | Reached skill level 5 in Transmutations
 15038 | D:10     | Reached XP level 11. HP: 41/52 MP: 2/21
 15201 | D:10     | Found a runed gate.
 15239 | D:10     | Noticed marsu's ghost (novice DDWr)
 15240 | D:10     | Found a runed gate.
 15241 | D:10     | Found a runed gate.
 15242 | D:10     | Identified the +6 chain mail "Zuyc" {Dex+5}
 15251 | D:10     | Found a shadowy altar of Dithmenos.
 15251 | D:10     | Noticed an orc sorcerer
 15252 | D:10     | Noticed a deep troll
 15253 | D:10     | Found an ornate altar of the Wu Jian Council.
 15255 | D:10     | Killed a deep troll
 15265 | D:10     | Killed an orc sorcerer
 15435 | D:10     | Found Kevy's Gadget Boutique.
 15462 | D:10     | Found a roughly hewn altar of Beogh.
 15599 | D:11     | Found Roaczaos's Food Boutique.
 15633 | D:11     | Found Qunnudam's Gadget Shoppe.
 15646 | D:11     | Reached skill level 10 in Dodging
 15972 | D:11     | Found Tajeutum's Assorted Antiques.
 15989 | D:11     | Found Poryireb's Magic Scroll Boutique.
 16030 | D:11     | Found a gate leading to a gauntlet.
 16040 | Gauntlet | Entered a Gauntlet
 16040 | Gauntlet | Found a transporter.
 16040 | Gauntlet | Found a transporter.
 16047 | Gauntlet | Found a transporter.
 16051 | Gauntlet | Found a transporter.
 16063 | Gauntlet | Found a transporter.
 16071 | Gauntlet | Found a transporter.
 16077 | Gauntlet | Found a transporter.
 16081 | Gauntlet | Found a transporter.
 16154 | Gauntlet | Found a transporter.
 16168 | Gauntlet | Found a transporter.
 16174 | Gauntlet | Found a transporter.
 16186 | Gauntlet | Noticed a death ooze
 16188 | Gauntlet | Found a transporter.
 16271 | Gauntlet | HP: 1/52 [wolf (9)]
 16271 | Gauntlet | Mangled by a wolf

Vault maps used:
D:1:      dpeg_arrival_chambers_temple_mockup, chequers_serial_rivers_small_3,
          wander_ebering_terrifying_dragon_lair
D:2:      kiku_gazebo_pond_becter, nemelex_xobeh_ov_fountains_minmay
D:3:      nicolae_overflow_crystal_walls, uniq_jessica
D:4:      minmay_a_box_with_orc_wizards_in_it
D:5:      minmay_temple_entry_fiery, first_ration,
          nicolae_qazlal_style_of_elements, uniq_ijyb
D:6:      grunt_temple_overflow_open, serial_shops, shop, ebering_ghost_sewer_d,
          basic_altar, minmay_ogre_servants, uniq_prince_ribbit1
D:7:      kennysheep_orc_sif_temple, serial_glass, glass_columns_a,
          glass_columns_a, feat_on_display, due_unseen_surprise,
          minmay_strange_pillars, basic_altar, uniq_duvessa, uniq_harold
D:8:      minmay_bloctagon, old_standard_altar, grunt_temple_overflow_diamond,
          serial_shops, kennysheep_mini_moat
D:10:     biasface_ghost_orc_armoury, serial_shops, kennysheep_mini,
          minmay_liquid_box, grunt_ogre_cave, jmf_multi_god_temple,
          uniq_josephine
D:11:     erik_lair_orcish_takeover, serial_shops, shop_coins, shop, shop, shop,
          gauntlet_entry_generic, uniq_urug, uniq_erica, uniq_erolcha
Temple:   dpeg_chambers_temple
Gauntlet: gammafunk_gauntlet_shortcut

Skill      XL: |  1  2  3  4  5  6  7  8  9 10 11 |
---------------+----------------------------------+-----
Stealth        | 5 6 7 8 9 11 | 11.4
Hexes          | 4 5 6 7 8 9 |  9.0
Spellcasting   | 3 4 5 6 |  6.8
Dodging        | 4 5 6 7 8 9 10 | 10.1
Fighting       | 1 2 3 |  3.4
Ice Magic      | 1 2 3 |  3.6
Short Blades   | 2 3 4 5 |  5.1
Conjurations   | 1 2 3 |  3.0
Invocations    | 1 3 4 5 |  5.7
Transmutations | 1 3 5 |  5.2
Earth Magic    | 1 2 3 |  3.3

Action                   |  1- 3 |  4- 6 |  7- 9 | 10-12 || total
-------------------------+-------+-------+-------+-------++-------
Melee: Dagger            |   164 |   189 |   533 |   220 ||  1106
 Cast: Corona            |     4 |       |       |       ||     4
       Ensorcelled Hiber |    14 |    30 |    79 |    51 ||   174
       Confuse           |       |     1 |    44 |    28 ||    73
       Confusing Touch   |       |       |     4 |     7 ||    11
       Dazzling Spray    |       |       |       |     8 ||     8
  Use: Scroll            |       |     9 |       |     1 ||    10
       Potion            |       |       |       |     6 ||     6
 Stab: Sleeping          |    11 |    29 |    52 |    48 ||   140
       Confused          |       |     2 |    34 |    20 ||    56
       Paralysed         |       |       |       |     2 ||     2
       Invisible         |       |       |       |     1 ||     1
  Eat: Ration            |       |     2 |     5 |     3 ||    10
Armor: Robe              |    19 |    11 |    21 |     8 ||    59
Dodge: Dodged            |   150 |   170 |   441 |   183 ||   944

Table legend:
 A = Non-vault XP
 B = Vault XP
 C = Vault XP percentage of total XP
 D = Non-vault monster count
 E = Vault monster count
 F = Vault count percentage of total count
                 A         B        C        D         E       F
            +---------+---------+-------+---------+---------+-------
      Total |    7844 |    6197 |  44.1 |     235 |      43 |  15.5
            +---------+---------+-------+---------+---------+-------
        D:1 |      29 |       3 |   9.4 |      16 |       1 |   5.9
        D:2 |     116 |       0 |   0.0 |      32 |       0 |   0.0
        D:3 |      65 |      37 |  36.3 |      24 |       1 |   4.0
        D:4 |     178 |      80 |  31.0 |      11 |       2 |  15.4
        D:5 |     650 |      38 |   5.5 |      27 |       1 |   3.6
        D:6 |     673 |     378 |  36.0 |      24 |      10 |  29.4
        D:7 |     956 |    1366 |  58.8 |      29 |       5 |  14.7
        D:8 |    2317 |    1042 |  31.0 |      24 |      14 |  36.8
        D:9 |     920 |     577 |  38.5 |      22 |       3 |  12.0
       D:10 |     556 |    2676 |  82.8 |      10 |       6 |  37.5
       D:11 |    1384 |       0 |   0.0 |      16 |       0 |   0.0
            +---------+---------+-------+---------+---------+-------
